 Dungeon Crawl Stone Soup version 0.31-a0-1074-g0b22e4e0f1 (webtiles) character file.

Game seed: 6092765586073539455

92 grandjackal the Shooter (level 4, -1/40 HPs)
             Began as a Draconian Hunter on Dec 2, 2023.
             Slain by a black bear (2 damage)
             ... on level 4 of the Dungeon.
             The game lasted 00:02:33 (2623 turns).

grandjackal the Shooter (Draconian Hunter)          Turns: 2623, Time: 00:02:33

Health: -1/40      AC:  6    Str: 14    XL:     4   Next: 35%
Magic:  4/4        EV: 12    Int:  9    God:
Gold:   166        SH:  0    Dex: 16    Spells: 3/3 levels left

rFire   . . .        a - +0 shortbow
rCold   . . .        (shield currently unavailable)
rNeg    + . .        (body armour unavailable)
rPois   .            (helmet restricted)
rElec   .            (no cloak)
rCorr   .            q - +0 pair of gloves
SInv    .            (no boots)
Will    .....        (no amulet)
Stlth   ++           m - ring of positive energy
HPRegen 0.26/turn    (no ring)
MPRegen 0.09/turn

%: no passive effects
@: mighty
A: AC +5, unfitting armour, cold-blooded
a: no special abilities


You were on level 4 of the Dungeon.
You visited 1 branch of the dungeon, and saw 4 of its levels.

You collected 166 gold pieces.

Inventory:

Hand Weapons
 a - a +0 shortbow (weapon)
Missiles
 k - 2 poisoned darts
Armour
 q - a +0 pair of gloves (worn)
Jewellery
 j - an amulet of faith
 m - a ring of positive energy (left hand)
 o - an amulet of magic regeneration
Scrolls
 b - a scroll of butterflies
 d - 2 scrolls of amnesia {unknown}
 e - a scroll of teleportation {unknown}
 g - a scroll of immolation {unknown}
 h - a scroll of enchant weapon {unknown}
 l - 2 scrolls of fear {unknown}
 n - a scroll of identify {unknown}
 r - a scroll of fog {unknown}
 t - a scroll of vulnerability {unknown}
Potions
 c - a potion of lignification {unknown}
 i - 2 potions of curing {unknown}
 p - a potion of haste {unknown}
 s - 2 potions of resistance {unknown}


   Skills:
 + Level 3.7 Fighting
 + Level 4.4 Ranged Weapons
 - Level 2.2 Dodging
 - Level 1.0 Stealth


You had 3 spell levels left.
You didn't know any spells.
Your spell library was empty.

Dungeon Overview and Level Annotations

Branches:
Dungeon (4/15)
 Temple: D:4-7

Altars:
Yredelemnul

Annotations:
D:2 1 runed translucent door, Crazy Yiuf


Innate Abilities, Weirdness & Mutations

Your plain brown scales are hard. (AC +5)
You cannot fit into any form of body armour.
You are cold-blooded and may be slowed by cold attacks.


Message History

The black bear closely misses you.
Fire: a) +0 shortbow
Press: ? - help, Q - select action, (/) - cycle Shift-Dir - straight line, f/p - black bear
Aim: a black bear (severely wounded, 70% to hit)
You shoot an arrow. The arrow hits the black bear.
The black bear is severely wounded.
The black bear goes berserk!
Unknown command.
Fire: a) +0 shortbow
Press: ? - help, Q - select action, (/) - cycle Shift-Dir - straight line, f/p - black bear
Aim: a black bear (severely wounded, berserk, 70% to hit)
You shoot an arrow.
The arrow hits the black bear but does no damage.
The black bear is severely wounded.
The black bear barely misses you.
The black bear claws you but does no damage.
The black bear misses you.
Unknown command.
Fire: a) +0 shortbow
Press: ? - help, Q - select action, (/) - cycle Shift-Dir - straight line, f/p - black bear
Aim: a black bear (severely wounded, berserk, 70% to hit)
You shoot an arrow. The arrow hits the black bear.
The black bear is severely wounded.
The black bear bites you but does no damage.
The black bear claws you.
* * * LOW HITPOINT WARNING * * *
The black bear closely misses you. The black bear bites you.
* * * LOW HITPOINT WARNING * * *
The black bear closely misses you. x2
Fire: a) +0 shortbow
Press: ? - help, Q - select action, (/) - cycle Shift-Dir - straight line, f/p - black bear
Aim: a black bear (severely wounded, berserk, 70% to hit)
You shoot an arrow. The arrow hits the black bear!
The black bear is almost dead.
The black bear bites you.
* * * LOW HITPOINT WARNING * * *
The black bear barely misses you. The black bear claws you.
* * * LOW HITPOINT WARNING * * *
The black bear closely misses you. The black bear claws you.
You die...

.....<.....##
####........#
#..##....##
#.#####...##
#.# ##...##
#.# ##...## .
#.#
#....#####...
#.
##...........
##..@h......
###......##
###...## ####


You could see a black bear (berserk).

Vanquished Creatures
  3 adders
  A worm (D:2)
  A dart slug (D:2)
  2 orcs
  4 ball pythons
  2 bats
  5 endoplasms
  2 giant cockroaches (D:2)
  4 goblins
  6 hobgoblins
  3 jackals (D:1)
  3 quokkas
  3 frilled lizards
  7 kobolds
  8 rats
54 creatures vanquished.

Notes
Turn   | Place    | Note
-------+----------+-------------------------------------------
     0 | D:1      | grandjackal the Draconian Hunter began the quest for the
                  | Orb.
     0 | D:1      | Reached XP level 1. HP: 17/17 MP: 1/1
    19 | D:1      | Reached skill level 1 in Stealth
   240 | D:1      | Reached XP level 2. HP: 25/25 MP: 2/2
   894 | D:2      | Reached skill level 4 in Ranged Weapons
   894 | D:2      | Reached XP level 3. HP: 31/31 MP: 3/3
  1146 | D:2      | Found a runed translucent door.
  1147 | D:2      | Noticed Crazy Yiuf
  1228 | D:2      | Found a basalt altar of Yredelemnul.
  1578 | D:2      | Reached XP level 4. HP: 38/38 MP: 4/4
  1600 | D:2      | Found a faded altar of an unknown god.
  2607 | D:4      | Noticed a black bear
  2623 | D:4      | HP: 1/40 [black bear (2)]
  2623 | D:4      | Slain by a black bear

Illustrated notes

Levels and vault maps discovered:
D:1:      giann_bridges, layout_basic
D:2:      layout_loops_ring, hellmonk_ecumenical_altar_defaced_shrine,
          basic_altar, uniq_crazy_yiuf_cottage
D:3:      layout_basic, serial_rivers, chequers_serial_rivers_micro_a,
          chequers_serial_rivers_room_b, chequers_serial_rivers_room_b,
          chequers_serial_rivers_micro_d, chequers_serial_rivers_marsh,
          chequers_serial_rivers_small_a, serial_bayou_lake_a
D:4:      layout_layer_cave, gammafunk_ghost_nasty_kobolds, enter_ossuary_4,
          minmay_misc_feat_columns, dk_noncrumbling_2, roderic_lattice_a,
          dreamdust_wishing_well, uniq_sigmund

Skill      XL: |  1  2 |
---------------+-------+-----
Stealth        | 1 |  1.0
Dodging        | 2 |  2.2
Fighting       | 3 |  3.7
Ranged Weapons | 4 |  4.4

Action                     |  1- 3 |  4- 6 || total
---------------------------+-------+-------++-------
   Fire: Shortbow          |   125 |    51 ||   176
    Use: Potion            |       |     1 ||     1
 Armour: Skin              |    25 |    20 ||    45
  Dodge: Dodged            |    23 |    23 ||    46

Table legend: (Time is in decaauts)
 A = Elapsed time spent in this place.
 B = Non-inter-level travel time spent in this place.
 C = Inter-level travel time spent in this place.
 D = Time resting spent in this place.
 E = Time spent auto-exploring this place.
 F = Levels seen in this place.
 G = Mean time per level.
                   A        B        C        D        E       F      G
               +--------+--------+--------+--------+--------+-----+--------+
         Total |   2695 |   2609 |     86 |     48 |   2205 |   4 |  673.8 |
       Dungeon |   2695 |   2609 |     86 |     48 |   2205 |   4 |  673.8 |
               +--------+--------+--------+--------+--------+-----+--------+

Top non-repeatable levels by time:
     D:2: 1028 daAuts
     D:1: 850 daAuts
     D:3: 781 daAuts
     D:4: 36 daAuts
